 Dungeon Crawl Stone Soup version 0.31-a0-121-g1e386dd289 (webtiles) character file.

Game seed: 4894353176295354696

11889 erloom the Transmogrifier (level 11, 0/102 HPs)
             Began as a Black Draconian Transmuter on May 31, 2023.
             Was an Elder of Makhleb.
             Slain by a death yak (17 damage)
             ... on level 1 of the Lair of Beasts.
             The game lasted 00:27:23 (12982 turns).

erloom the Transmogrifier (DrTm)                   Turns: 12982, Time: 00:27:24

Health: 0/102      AC:  8    Str: 18    XL:     11   Next: 55%
Magic:  11/20      EV: 10    Int: 17    God:    Makhleb [****..]
Gold:   742        SH:  0    Dex: 13    Spells: 12/22 levels left

rFire   x .          .
                       - Unarmed
rCold   + + +        E - melded +0 buckler
rNeg    . . .        (body armour unavailable)
rPois   +            (helmet currently unavailable)
rElec   .            n - melded +2 cloak
rCorr   .            g - melded +2 pair of gloves
SInv    .            (boots currently unavailable)
Will    +....        (no amulet)
Stlth   ++           e - +6 ring of strength
HPRegen 0.37/turn    D - ring of willpower
MPRegen 0.17/turn

%: no passive effects
@: ice-form
A: freezing attack, amphibious, boosted hp, (breathe lightning), AC +7, large,
unfitting armour, (electricity resistance), (cold-blooded)
a: End Transformation, Renounce Religion, Minor Destruction, Lesser Servant of
Makhleb, Major Destruction


You were on level 1 of the Lair of Beasts.
You worshipped Makhleb.
Makhleb was greatly pleased with you.
You were a creature of crystalline ice.
You visited 3 branches of the dungeon, and saw 13 of its levels.
You also visited: Sewer and Ossuary.

You collected 742 gold pieces.

Inventory:

Missiles
 M - a throwing net
Armour
 g - a +2 pair of gloves (melded)
 n - a +2 cloak (melded)
 E - a +0 buckler (melded)
Jewellery
 e - a +6 ring of strength (left front paw)
 D - a ring of willpower (right front paw)
 G - a +6 ring of strength
 J - a ring of protection from fire
Wands
 y - a wand of mindburst (15)
 H - a wand of light (2)
Scrolls
 b - 4 scrolls of teleportation {unknown}
 c - 2 scrolls of fear {unknown}
 d - a scroll of enchant weapon {unknown}
 h - 4 scrolls of magic mapping
 i - 2 scrolls of vulnerability
 m - a scroll of blinking {unknown}
 t - a scroll of noise {unknown}
 u - a scroll of fog {unknown}
 w - a scroll of poison
 B - 3 scrolls of summoning {unknown}
 C - a scroll of enchant armour
 F - 2 scrolls of identify
 I - a scroll of silence {unknown}
 K - 2 scrolls of torment {unknown}
 L - a scroll of acquirement {unknown}
Potions
 a - 3 potions of lignification
 f - 4 potions of resistance
 j - 2 potions of degeneration
 k - 2 potions of might
 l - 9 potions of curing
 o - 3 potions of heal wounds
 p - 2 potions of invisibility
 q - 6 potions of mutation
 r - a potion of brilliance
 s - a potion of haste
 v - a potion of magic {unknown}
 x - a potion of cancellation {unknown}
 z - 3 potions of attraction {unknown}
 A - a potion of enlightenment {unknown}


   Skills:
 + Level 4.9 Fighting
 - Level 3.0 Dodging
 - Level 3.0 Stealth
 - Level 5.0 Shields
 + Level 8.8 Unarmed Combat
 - Level 6.0 Spellcasting
 - Level 9.0 Transmutations
 - Level 6.0 Ice Magic
 - Level 4.0 Poison Magic
 + Level 5.6 Invocations
 - Level 4.0 Evocations


You had 12 spell levels left.
You knew the following spells:

 Your Spells              Type           Power      Damage    Failure   Level
a - Beastly Appendage     Tmut           70%        N/A       1%          1
b - Spider Form           Tmut/Pois      27%        N/A       2%          3
c - Wereblood             Tmut           35%        N/A       1%          2
d - Ice Form              Ice/Tmut       30%        N/A       6%          4

Your spell library contained the following spells:

 Spells                   Type           Power      Damage    Failure   Level
 Passwall                 Tmut/Erth      16%        N/A       3%          2
 Ensorcelled Hibernation  Hex/Ice        30%        N/A       5%          2
 Ignite Poison            Fire/Tmut/Pois 19%        N/A       7%          3
 Foxfire                  Conj/Fire      20%        2x1d5     13%         1
 Magic Dart               Conj           20%        1d4       13%         1
 Shock                    Conj/Air       20%        1d4       13%         1
 Call Imp                 Summ           10%        N/A       19%         2
 Sublimation of Blood     Necr           5%         N/A       19%         2
 Petrify                  Tmut/Erth      20%        N/A       21%         4
 Mephitic Cloud           Conj/Pois/Air  9%         N/A       22%         3
 Swiftness                Air            5%         N/A       36%         3
 Irradiate                Conj/Tmut      10%        3d15      50%         5
 Airstrike                Air            2%         2d(1-17)  77%         4
 Sticky Flame             Conj/Fire      5%         2d3       77%         4
 Fireball                 Conj/Fire      2%         3d4       98%         5
 Iskenderun's Battlesphe  Conj           5%         2d6       98%         5
 Leda's Unmaking          Conj/Erth      2%         9d1       100%        6
 Plasma Beam              Fire/Air       2%         2x1d14    100%        6
 Starburst                Conj/Fire      2%         6d3       100%        6
 Spellforged Servitor     Conj/Summ      2%         N/A       100%        7
 Ignition                 Fire           2%         3d3       100%        8


Dungeon Overview and Level Annotations

Branches:
Dungeon (10/15)            Temple (1/1) D:5            Lair (2/5) D:9
  Sewer (visited)         Ossuary (visited)
  Swamp: Lair:2-3    Shoals: Lair:2-3     Snake: Lair:2-3    Spider: Lair:2-3
    Orc: D:9-12

Altars:
Cheibriados
Dithmenos
Fedhas
Gozag
Kikubaaqudgha
Makhleb
Nemelex Xobeh
Qazlal
Wu Jian
Xom
Zin
The Shining One

Shops:
D:6 *

Portals:
Trove: D:10 (give 6 scrolls of blinking)

Annotations:
D:6 exclusion: downstairs
D:9 exclusion: 2 downstairs
D:10 Erica; Lodul
Lair:1 1 runed translucent door, exclusions: death yak and downstairs
Lair:2 exclusion: oklob plant


Innate Abilities, Weirdness & Mutations

You are a creature of crystalline ice.
You have a powerful freezing melee attack.
You are amphibious.
Your maximum health is increased.
Your armour is entirely melded.
You are incapable of wielding weapons or throwing items.
((You can breathe wild blasts of lightning.))
((Your glossy black scales are hard. (AC +7)))
You cannot fit into any form of body armour.
((You are resistant to electric shocks. (rElec)))
((You are cold-blooded and may be slowed by cold attacks.))


Message History

Your +0 buckler melds into your body.
The death yak barely misses you.
Unknown command.
A demon appears!
The death yak gores you!!
Unknown command.
Unknown command.
You hit the death yak but do no damage. The death yak gores you.
* * * LOW HITPOINT WARNING * * *
You punch the death yak! You freeze the death yak.
The death yak is moderately wounded.
Your hellwing hits the death yak.
Your hellwing hits the death yak but does no damage.
The death yak closely misses you.
You hit the death yak but do no damage.
The death yak is moderately wounded.
Your hellwing hits the death yak.
Your hellwing barely misses the death yak.
The death yak barely misses you.
Unknown command.
Your hellwing hits the death yak! Your hellwing hits the death yak.
The death yak attacks as you move away! The death yak barely misses you.
Your hellwing hits the death yak!
Your hellwing hits the death yak but does no damage.
You see here a +0 ring mail.
Your hellwing swoops through the air toward the death yak!
Your hellwing barely misses the death yak.
Your hellwing hits the death yak. The death yak attacks as you move away!
The death yak gores you!!
* * * LOW HITPOINT WARNING * * *
Your hellwing hits the death yak! x2
Unknown command.
Unknown command.
You feel much better.
Your hellwing hits the death yak. x2
The death yak gores you!!
* * * LOW HITPOINT WARNING * * *
Unknown command.
You hit the death yak. You freeze the death yak.
The death yak is almost dead.
Your hellwing hits the death yak but does no damage. x2
The death yak gores you!
You die...

##..#............##
#...#.....#.......#
##....#.###.......##
..................#
..................#
.#####.#..........#
## ###.....[....# #
#...#.+##...## #
##......#.Y..# #
#......#.Y.## #
#..#...#4[.# #
#..#...#...#
########..#.......#
..........#+##P.>†##
...................#
...>..............##
..................#


You could see a death yak (ally target) and a friendly hellwing (summoned).

Vanquished Creatures
  A death yak (Lair:2)
  Joseph (D:9)
  A torpor snail (Lair:1)
  2 rime drakes
  3 cane toads
  5 komodo dragons
  A wraith (D:7)
  15 yaks
  3 wyverns
  2 steam dragons
  5 water moccasins
  3 black bears
  2 sky beasts
  3 ogres
  The ghost of HoaS the Shooter, an amateur FoHu (D:3)
  A centaur (D:9)
  2 phantoms
  An elf zombie (Ossuary)
  5 kobold brigands
  8 bullfrogs
  3 scorpions
  A gnoll sergeant (D:7)
  3 wights (D:8)
  3 killer bees (D:8)
  3 howler monkeys
  3 hounds
  2 human zombies
  A jelly (D:5)
  2 gnoll boudas
  5 orc priests
  An iguana (D:7)
  A sleepcap (D:4)
  Natasha (thrice) (D:2)
  5 orc wizards
  A hound zombie (D:4)
  A hound skeleton (D:4)
  3 mummies (Ossuary)
  21 gnolls
  A river rat (Sewer)
  9 adders
  2 white imps
  5 adder zombies
  An adder skeleton (D:4)
  2 worms (D:3)
  3 dart slugs
  26 orcs
  3 endoplasms
  2 giant cockroaches
  A gnoll zombie (Ossuary)
  9 goblins
  5 hobgoblins
  33 kobolds
  4 quokkas
  5 ball pythons
  3 bats
  5 frilled lizards
  3 goblin zombies
  A hobgoblin zombie (Ossuary)
  2 kobold zombies (Ossuary)
  2 quokka zombies
  27 rats
  5 rat zombies (Ossuary)
286 creatures vanquished.

Vanquished Creatures (collateral kills)
  A two-headed ogre (D:9)
  A water moccasin (D:9)
  A bullfrog (D:9)
3 creatures vanquished.

Vanquished Creatures (others)
  An orc wizard (D:5)
1 creature vanquished.

Grand Total: 290 creatures vanquished

Notes
Turn   | Place    | Note
-------+----------+-------------------------------------------
     0 | D:1      | erloom the Draconian Transmuter began the quest for the
                  | Orb.
     0 | D:1      | Reached XP level 1. HP: 16/16 MP: 3/3
   148 | D:1      | Reached XP level 2. HP: 23/23 MP: 5/5
   184 | D:1      | Found a faded altar of an unknown god.
   427 | D:1      | Reached XP level 3. HP: 11/28 MP: 4/6
  1052 | D:2      | Noticed Natasha
  1072 | D:2      | Killed Natasha
  1073 | D:2      | Reached skill level 5 in Unarmed Combat
  1073 | D:2      | Reached XP level 4. HP: 20/35 MP: 7/7
  1078 | D:2      | Noticed Natasha
  1085 | D:2      | Killed Natasha
  1149 | D:2      | Learned a level 3 spell: Spider Form
  1205 | D:2      | Noticed Natasha
  1220 | D:2      | Killed Natasha
  1245 | D:2      | Reached XP level 5. HP: 40/40 MP: 6/8
  1251 | D:2      | Reached skill level 1 in Poison Magic
  1745 | D:3      | Found a glowing drain.
  1754 | Sewer    | Entered a sewer
  1772 | Sewer    | Learned a level 2 spell: Wereblood
  1867 | Sewer    | Reached skill level 3 in Transmutations
  1958 | Sewer    | Reached XP level 6. HP: 36/47 MP: 10/10
  2569 | D:3      | You fall into a shaft and drop 2 floors!
  2569 | D:5      | Entered Level 5 of the Dungeon
  2621 | D:5      | Reached skill level 4 in Transmutations
  2673 | D:5      | Found a staircase to the Ecumenical Temple.
  2676 | D:5      | Noticed a water moccasin
  2685 | D:5      | Killed a water moccasin
  2686 | D:5      | Your scales start taking on a glossy black colour.
  2686 | D:5      | Reached XP level 7. HP: 52/52 MP: 11/13
  2686 | D:5      | Gained mutation: You are resistant to electric shocks.
                  | (rElec) [Black Draconian growth]
  2717 | Temple   | Entered the Ecumenical Temple
  2774 | Temple   | Became a worshipper of Makhleb the Destroyer
  3038 | D:5      | Reached skill level 5 in Transmutations
  3118 | D:5      | Found a sand-covered staircase.
  3138 | Ossuary  | Entered an ossuary
  3370 | Ossuary  | Reached * piety under Makhleb
  3597 | D:3      | Found a runed translucent gate.
  3597 | D:3      | Found a runed translucent gate.
  3597 | D:3      | Found a runed translucent gate.
  3600 | D:3      | Noticed HoaS's ghost (amateur FoHu)
  3842 | D:3      | Reached XP level 8. HP: 60/61 MP: 12/14
  4275 | D:4      | Reached skill level 6 in Transmutations
  4673 | D:4      | Reached skill level 1 in Stealth
  4943 | D:4      | Reached ** piety under Makhleb
  5015 | D:4      | Identified the +2 robe of Grottiness {rPois}
  6043 | D:6      | Reached skill level 1 in Invocations
  6043 | D:6      | Reached skill level 1 in Evocations
  6482 | D:6      | Found Toneguih's Neck Hole.
  6928 | D:7      | Reached XP level 9. HP: 69/69 MP: 9/15
  7356 | D:7      | Noticed a manticore
  7363 | D:7      | Reached *** piety under Makhleb
  8192 | D:8      | Learned a level 4 spell: Ice Form
  8271 | D:8      | Reached skill level 1 in Ice Magic
  8364 | D:8      | Reached skill level 5 in Spellcasting
  8364 | D:8      | Reached skill level 7 in Transmutations
  8534 | D:8      | Found a sparkling altar of Nemelex Xobeh.
  9032 | D:8      | Reached XP level 10. HP: 75/77 MP: 14/17
  9486 | D:9      | Reached skill level 1 in Shields
  9566 | D:9      | Noticed Joseph
  9584 | D:9      | Killed Joseph
  9794 | D:9      | Found a staircase to the Lair.
  9876 | D:9      | Noticed a two-headed ogre
  9945 | D:9      | Killed a two-headed ogre
  9946 | D:9      | Reached skill level 8 in Transmutations
  9946 | D:9      | Reached skill level 5 in Ice Magic
 10053 | D:9      | Found an ornate altar of the Wu Jian Council.
 10410 | D:10     | Entered Level 10 of the Dungeon
 10410 | D:10     | Noticed Lodul
 10410 | D:10     | Found a portal to a secret trove of treasure.
 10452 | D:10     | Noticed Erica
 10513 | Lair:1   | Entered Level 1 of the Lair of Beasts
 10670 | Lair:1   | Noticed a torpor snail
 10700 | Lair:1   | Killed a torpor snail
 11360 | Lair:1   | Noticed a cane toad
 11373 | Lair:1   | Killed a cane toad
 11374 | Lair:1   | Reached XP level 11. HP: 45/82 MP: 15/19
 11521 | Lair:1   | Found a runed translucent door.
 11555 | Lair:1   | Reached skill level 5 in Shields
 11745 | Lair:1   | Noticed a death yak
 11882 | D:6      | Reached skill level 9 in Transmutations
 11947 | D:3      | Reached **** piety under Makhleb
 11959 | D:3      | Killed HoaS's ghost
 12155 | Lair:2   | Noticed an eight-headed hydra
 12485 | Lair:2   | Reached skill level 5 in Invocations
 12758 | Lair:2   | Noticed an oklob plant
 12830 | Lair:2   | Noticed a death yak
 12830 | Lair:2   | Noticed a death yak
 12916 | Lair:2   | Killed a death yak
 12917 | Lair:2   | Noticed a death yak
 12961 | Lair:2   | Noticed a death yak
 12982 | Lair:1   | Slain by a death yak

Illustrated notes

Levels and vault maps discovered:
D:1:      dpeg_arrival_tiny_b, layout_basic, dreamdust_ecumenical_altar_statues,
          nrook_campfire
D:2:      cheibrodos_helix_gallery, layout_loops_ring, uniq_natasha
D:3:      layout_basic, portal_sewer_entry_d, gammafunk_ghost_nasty_kobolds
D:4:      layout_loops_ring, serial_undead, serial_undead_e, serial_undead_c,
          serial_undead_e, serial_undead_f
D:5:      layout_loops_ring, minmay_temple_entry_overgrown, enter_ossuary_3
D:6:      layout_loops_ring, minmay_strange_pillars,
          hangedman_abyss_or_decor_stabs, nicolae_shop_sticking_my_neck_out
D:7:      layout_loops_corners
D:8:      layout_basic, mainiacjoe_overflow_catwalk
D:9:      layout_rooms, marbit_many_paths, due_lair_maze_entry_diamond,
          lemuel_flamethrower_2, uniq_joseph
D:10:     layout_long_grid, mainiacjoe_overflow_concentric_impassable,
          mainiacjoe_overflow_cross_hatched, orc_0_dummy, enter_trove_1,
          uniq_erica, uniq_grum, uniq_lodul
Temple:   mainiacjoe_temple_bowtie_tessellation
Lair:1:   layout_chaotic_city, ebering_ghost_reflecting_pool,
          serial_bayou_shore_a
Lair:2:   layout_small_grid, beast_lair_carwin_4, grunt_megastairs_2,
          lemuel_fruit_tree, infiniplex_staircase_pool_2, serial_bayou_shore_b

Skill      XL: |  1  2  3  4  5  6  7  8  9 10 11 |
---------------+----------------------------------+-----
Unarmed Combat | 4 5 6 7 8 |  8.8
Poison Magic   | 2 3 4 |  4.0
Transmutations | 3 4 5 6 7 8 9 |  9.0
Spellcasting   | 3 4 5 6 |  6.0
Dodging        | 2 3 |  3.0
Fighting       | 2 3 4 |  4.9
Stealth        | 2 3 |  3.0
Invocations    | 2 4 5 |  5.6
Evocations     | 2 4 |  4.0
Ice Magic      | 4 6 |  6.0
Shields        | 4 5 |  5.0

Action                     |  1- 3 |  4- 6 |  7- 9 | 10-12 || total
---------------------------+-------+-------+-------+-------++-------
  Melee: Unarmed           |    84 |   206 |   550 |   248 ||  1088
         Tailslap          |    12 |    14 |    45 |     7 ||    78
         Punch             |     3 |     4 |    21 |     3 ||    31
         Kick              |     1 |    26 |    18 |     6 ||    51
         Headbutt          |     1 |     9 |     6 |     2 ||    18
   Cast: Beastly Appendage |     3 |    13 |     9 |     4 ||    29
         Wereblood         |       |     5 |    17 |     4 ||    26
         Spider Form       |       |     1 |    21 |     8 ||    30
         Ice Form          |       |       |       |    17 ||    17
 Invoke: Lesser Servant of |       |       |       |     4 ||     4
Ability: End Transformatio |       |       |     1 |     1 ||     2
         Breathe Lightning |       |       |     1 |       ||     1
  Evoke: Wand              |       |       |       |     5 ||     5
    Use: Scroll            |       |     1 |    13 |       ||    14
         Potion            |       |     1 |       |     2 ||     3
   Stab: Sleeping          |     1 |       |     3 |     2 ||     6
 Armour: Skin              |    19 |    49 |   139 |    56 ||   263
  Dodge: Dodged            |    49 |   128 |   334 |   129 ||   640
  Block: Buckler           |       |       |       |     4 ||     4

Table legend: (Time is in decaauts)
 A = Elapsed time spent in this place.
 B = Non-inter-level travel time spent in this place.
 C = Inter-level travel time spent in this place.
 D = Time resting spent in this place.
 E = Time spent auto-exploring this place.
 F = Levels seen in this place.
 G = Mean time per level.
                   A        B        C        D        E       F      G
               +--------+--------+--------+--------+--------+-----+--------+
         Total |  12924 |  12176 |    748 |   1143 |   7767 |  15 |  861.6 |
       Dungeon |   9793 |   9093 |    700 |    821 |   6039 |  10 |  979.3 |
        Temple |     83 |     83 |      0 |      0 |     41 |   1 |   83.0 |
          Lair |   2143 |   2095 |     48 |    182 |   1414 |   2 | 1071.5 |
         Sewer |    562 |    562 |      0 |     44 |    263 |   1 |  562.0 |
       Ossuary |    341 |    341 |      0 |     96 |      9 |   1 |  341.0 |
               +--------+--------+--------+--------+--------+-----+--------+

Top non-repeatable levels by time:
     D:8: 1485 daAuts
  Lair:1: 1468 daAuts
     D:4: 1215 daAuts
     D:5: 1214 daAuts
     D:9: 1105 daAuts
     D:7: 1077 daAuts
     D:6: 996 daAuts
     D:3: 951 daAuts
     D:2: 900 daAuts
     D:1: 816 daAuts
  Lair:2: 675 daAuts
   Sewer: 562 daAuts
 Ossuary: 341 daAuts
  Temple: 83 daAuts
    D:10: 30 daAuts
